 Dungeon Crawl Stone Soup version 0.30-b1-2-g02819fbbbe (webtiles) character file.

Game seed: 9997341739487110194

322 Borgoz the Trooper (level 6, 0/39 HPs)
             Began as a Gargoyle Berserker on June 22, 2023.
             Was a Priest of Trog.
             Slain by a gnoll
             ... wielding a +0 whip
              (8 damage)
             ... on level 4 of the Dungeon.
             The game lasted 00:03:03 (2858 turns).

Borgoz the Trooper (Gargoyle Berserker)             Turns: 2858, Time: 00:03:04

Health: 0/39       AC: 11    Str: 22    XL:     6   Next: 47%
Magic:  6/6        EV: 11    Int:  8    God:    Trog [***...]
Gold:   229        SH:  4    Dex:  9    Spells: 5/5 levels left

rFire   . . .        a - +0 mace
rCold   + . .        b - +0 buckler
rNeg    + . .        c - +0 ring mail
rPois   ∞            (no helmet)
rElec   +            (no cloak)
rCorr   .            (no gloves)
SInv    .            f - +0 pair of boots
Will    ++...        (no amulet) Stlth
                     m - ring of protection from cold
HPRegen 1.26/turn    (no ring)
MPRegen 0.10/turn

%: no passive effects
@: strong-willed, regenerating
A: sickness immunity, AC +4, negative energy resistance 1, electricity
resistance, torment resistance 1, petrification resistance
a: Renounce Religion, Berserk, Trog's Hand


You were on level 4 of the Dungeon.
You worshipped Trog.
Trog was most pleased with you.
You visited 1 branch of the dungeon, and saw 4 of its levels.

You collected 229 gold pieces.

Inventory:

Hand Weapons
 a - a +0 mace (weapon)
Missiles
 s - 6 javelins (quivered)
 t - 8 poisoned darts
Armour
 b - a +0 buckler (worn)
 c - a +0 ring mail (worn)
 f - a +0 pair of boots (worn)
Jewellery
 m - a ring of protection from cold (left hand)
Scrolls
 e - 4 scrolls of identify {unknown}
 j - a scroll of fog {unknown}
 k - a scroll of poison {unknown}
 l - a scroll of immolation {unknown}
 p - a scroll of amnesia {unknown}
 u - a scroll of fear {unknown}
Potions
 d - 2 potions of invisibility {unknown}
 g - 5 potions of curing {unknown}
 h - a potion of brilliance {unknown}
 i - 2 potions of heal wounds {unknown}
 n - 2 potions of flight {unknown}
 o - 3 potions of mutation {unknown}
 q - a potion of attraction {unknown}
 r - 2 potions of lignification {unknown}
 v - a potion of ambrosia {unknown}


   Skills:
 + Level 4.5 Fighting
 + Level 4.0 Maces & Flails
 + Level 3.8 Armour
 + Level 2.7 Dodging
 + Level 2.7 Shields


You had 5 spell levels left.
You didn't know any spells.
Your spell library was empty.

Dungeon Overview and Level Annotations

Branches:
Dungeon (4/15)
 Temple: D:4-7

Altars:
Ru
Trog
Wu Jian


Innate Abilities, Weirdness & Mutations

You are immune to sickness and miasma.
Your stone body is resilient. (AC +4)
You are immune to poison.
You resist negative energy. (rN+)
You are resistant to electric shocks. (rElec)
You are resistant to unholy torment.
You are immune to petrification.


Message History

No target in view!
No target in view!
No target in view!
Things that are here:
a +0 whip; a gnoll corpse 2 gnolls come into view.
The gnoll shouts! x2
The gnoll moves out of view.
The gnoll hits you with a +0 whip.
You thump the gnoll!
The gnoll is severely wounded.
The gnoll hits you from afar with a +0 halberd!
The gnoll hits you with a +0 whip.
You hit the gnoll.
The gnoll is almost dead.
The gnoll hits you from afar with a +0 halberd!
* * * LOW HITPOINT WARNING * * *
The gnoll barely misses you. x2
The gnoll hits you from afar with a +0 halberd.
* * * LOW HITPOINT WARNING * * *
You are too injured to fight recklessly!
You are too injured to fight recklessly!
You are too injured to fight recklessly!
You are too injured to fight recklessly!
You are too injured to fight recklessly!
You are too injured to fight recklessly!
You are too injured to fight recklessly!
You are too injured to fight recklessly!
You are too injured to fight recklessly!
You are too injured to fight recklessly!
You are too injured to fight recklessly!
You are too injured to fight recklessly!
You are too injured to fight recklessly!
You are too injured to fight recklessly!
Okay, then.
Your skin crawls.
You feel strong-willed. The gnoll barely misses you.
The gnoll attacks as you move away! The gnoll hits you with a +0 whip!
You die...

#######
#.)@g.# ####
########.###g#
....
........># ...
####
########.#
#### ### #.#
..# #.# #.#
#.# #.## #.#
#..### #.#


You could see 2 gnolls.

Vanquished Creatures
  A hound (D:4)
  A gnoll bouda (D:4)
  2 jellies (D:3)
  An iguana (D:4)
  4 gnolls (D:4)
  3 adders
  A worm (D:2)
  2 dart slugs
  2 orcs
  10 ball pythons
  20 endoplasms
  8 giant cockroaches
  2 goblins (D:1)
  9 hobgoblins
  3 jackals (D:3)
  11 kobolds
  2 quokkas
  5 bats
  2 frilled lizards (D:2)
  12 rats
101 creatures vanquished.

Vanquished Creatures (others)
  2 fungi (D:3)
  7 toadstools (D:3)
9 creatures vanquished.

Grand Total: 110 creatures vanquished

Notes
Turn   | Place    | Note
-------+----------+-------------------------------------------
     0 | D:1      | Borgoz the Gargoyle Berserker began the quest for the Orb.
     0 | D:1      | Reached XP level 1. HP: 14/14 MP: 1/1
   172 | D:1      | Reached XP level 2. HP: 14/19 MP: 2/2
   409 | D:1      | Reached XP level 3. HP: 23/23 MP: 3/3
   628 | D:1      | Reached ** piety under Trog
   951 | D:2      | Reached skill level 1 in Shields
  1132 | D:2      | Reached XP level 4. HP: 29/29 MP: 4/4
  1253 | D:2      | Found a faded altar of an unknown god.
  1411 | D:2      | You fall into a shaft and drop 1 floor!
  1769 | D:3      | Found an ornate altar of the Wu Jian Council.
  1939 | D:3      | Identified the +3 dagger of Breach {speed, Fragile rPois
                  | Int+4 SInv}
  2185 | D:3      | Reached XP level 5. HP: 31/33 MP: 5/5
  2232 | D:3      | Reached *** piety under Trog
  2521 | D:4      | Found a sacrificial altar of Ru.
  2545 | D:4      | Reached XP level 6. HP: 39/39 MP: 6/6
  2718 | D:4      | Found a bloodstained altar of Trog.
  2858 | D:4      | Slain by a gnoll

Illustrated notes

Levels and vault maps discovered:
D:1:      dpeg_arrival_prison, layout_basic
D:2:      minmay_skewed_foursquare, layout_basic,
          dreamdust_ecumenical_altar_statues, st_stairs_9
D:3:      cheibrodos_fertilizer, layout_basic, nzn_wu_jian_contemplation,
          chequers_big_river
D:4:      layout_basic, mainiacjoe_overflow_cross_hatched,
          mainiacjoe_overflow_alcove_4, nicolae_alphabet_shops, st_stairs_10

Skill      XL: |  1  2  3  4  5  6 |
---------------+-------------------+-----
Dodging        | 2 |  2.7
Shields        | 1 2 |  2.7
Armour         | 3 |  3.8
Fighting       | 4 |  4.5
Maces & Flails | 4 |  4.0

Action                     |  1- 3 |  4- 6 || total
---------------------------+-------+-------++-------
  Melee: Mace              |   135 |   169 ||   304
 Invoke: Berserk           |     2 |     3 ||     5
         Trog's Hand       |       |     2 ||     2
   Stab: Sleeping          |     1 |       ||     1
 Armour: Animal skin       |     7 |       ||     7
         Ring mail         |    52 |    79 ||   131
  Dodge: Dodged            |    96 |    87 ||   183
  Block: Buckler           |    11 |    34 ||    45
